Detroit Red Wings vs Winnipeg Jets

Created - vendredi 11 janvier 2019 at 19:00

Goals
1 2 3 OT1 T
Detroit Red Wings 0 1 0 0 1
Winnipeg Jets 1 0 0 1 2
Shots
1 2 3 OT1 T
Detroit Red Wings 9 18 4 1 32
Winnipeg Jets 8 18 5 2 33

1st period

1. Winnipeg Jets , Mathieu Perreault 12 (Dustin Byfuglien 11, Patrik Laine 13) at 18:10 (PP)

Penalties :
Justin Abdelkader (DET) for High sticking (Minor) at 18:00

2nd period

2. Detroit Red Wings , Frans Nielsen 17 (Mike Green 9, Darren Helm 15) at 0:36

Penalties :
Nick Jensen (DET) for Hooking (Minor) at 3:09, Ryan Kesler (DET) for Interference (Minor) at 11:00

3rd period

No Goal

Penalties :
Dustin Byfuglien (WPG) for Holding (Minor) at 5:41

Overtime #1

3. Winnipeg Jets , Jack Eichel 13 (Blake Wheeler 19, Dustin Byfuglien 12) at 1:27

Penalties :
No Penalty

Goalie Stats

Jimmy Howard (DET), 31 saves from 33 shots - (0.939), OTL, 20-15-2, 61:27 minutes
Connor Hellebuyck (WPG), 31 saves from 32 shots - (0.969), W, 19-17-6, 61:27 minutes

Players Stats for Detroit Red Wings

Player Name              G  A  P  +/- PIM S  H  SB GA TA FO     MP     PP MP  PK MP  
------------------------------------------------------------------------------------
Andreas Athanasiou       0  0  0   0  0   4  0  0  1  0  0/1    16:14   0:00   0:54 
Danny DeKeyser           0  0  0  -1  0   0  4  2  0  0  0/0    21:33   0:47   2:11 
Darren Helm              0  1  1   1  0   2  2  0  1  0  0/1    15:07   1:03   0:17 
Derek Stepan             0  0  0   0  0   2  0  1  1  0  8/11   16:23   1:03   0:17 
Frans Nielsen            1  0  1   1  0   4  2  0  0  0  9/17   15:57   0:00   2:01 
Henrik Zetterberg        0  0  0  -1  0   0  3  1  0  0  12/23  17:57   0:56   0:00 
Jonathan Ericsson        0  0  0   0  0   0  2  0  0  0  0/0    17:54   0:00   1:57 
Justin Abdelkader        0  0  0   0  2   2  4  1  0  0  0/0    17:47   0:00   1:51 
Luke Glendening          0  0  0   0  0   0  2  2  0  0  1/7    12:11   0:00   2:00 
Mattias Janmark          0  0  0   1  0   4  0  0  0  0  0/0    12:23   0:00   0:00 
Mike Green               0  1  1   1  0   1  0  1  0  0  0/0    19:31   0:00   0:00 
Nick Jensen              0  0  0   0  2   1  3  1  0  1  0/0    16:23   1:12   0:00 
Niklas Kronwall          0  0  0   0  0   2  0  1  1  0  0/0    22:07   1:12   2:11 
Ryan Kesler              0  0  0   0  2   1  2  0  1  0  0/0    17:18   1:03   0:56 
Teuvo Teravainen         0  0  0  -1  0   5  3  1  2  0  0/0    17:48   0:56   0:00 
Thomas Vanek             0  0  0   0  0   1  1  2  1  0  0/0    11:25   0:56   0:00 
Travis Hamonic           0  0  0   1  0   2  1  2  0  0  0/0    22:09   0:47   1:57 
Tyler Bertuzzi           0  0  0   0  0   1  3  0  0  0  0/0    10:03   0:00   0:00 

Players Stats for Winnipeg Jets

Player Name              G  A  P  +/- PIM S  H  SB GA TA FO     MP     PP MP  PK MP  
------------------------------------------------------------------------------------
Adam Lowry               0  0  0   0  0   2  0  1  0  0  3/4    15:29   0:00   0:27 
Andrew Copp              0  0  0   0  0   0  1  1  0  0  0/0    15:05   0:11   0:27 
Ben Chiarot              0  0  0   0  0   0  1  0  0  1  0/0     8:52   0:00   0:00 
Blake Wheeler            0  1  1   1  0   4  4  0  0  0  9/10   19:01   2:13   1:15 
Dennis Seidenberg        0  0  0   0  0   0  1  1  0  0  0/0    18:04   0:00   1:01 
Dustin Byfuglien         0  2  2   0  2   1  0  1  0  1  0/0    21:25   2:11   0:00 
Evander Kane             0  0  0  -1  0   4  1  0  0  0  0/1    16:55   1:55   1:03 
Jack Eichel              1  0  1   1  0   3  0  1  0  2  12/27  22:46   0:00   0:46 
Jack Roslovic            0  0  0   0  0   3  1  1  0  0  0/1    15:21   0:00   0:00 
Jacob Trouba             0  0  0  -1  0   0  0  1  0  2  0/0    19:48   1:57   0:58 
Josh Morrissey           0  0  0   0  0   2  3  0  0  0  0/0    19:13   1:57   1:01 
Kyle Turris              0  0  0  -1  0   2  0  0  0  0  5/14   16:22   1:45   0:00 
Marc Methot              0  0  0   0  0   0  1  1  0  0  0/0    16:00   0:00   0:58 
Martin Frk               0  0  0   0  0   3  0  1  0  0  0/0    12:14   0:10   0:00 
Mathieu Perreault        1  0  1   0  0   1  4  0  0  0  1/1    13:43   2:12   0:00 
Nikolaj Ehlers           0  0  0  -1  0   1  2  0  1  0  0/0    16:35   1:45   0:00 
Patrik Laine             0  1  1   0  0   7  2  1  0  1  0/2    16:47   2:13   0:00 
Shayne Gostisbehere      0  0  0   0  0   0  2  0  0  1  0/0    18:41   2:11   0:00 

3 Stars

1 - Connor Hellebuyck (WPG)
2 - Mathieu Perreault (WPG)
3 - Jack Eichel (WPG)

Power Play

Detroit Red Wings - 0 on 1 Attempt(s) - 0.00%
Winnipeg Jets - 1 on 3 Attempt(s) - 33.33%

Penalty Kill

Detroit Red Wings - 2 on 3 Attempt(s) - 66.67% - Score 0 goal in Penalty Kill
Winnipeg Jets - 1 on 1 Attempt(s) - 100.00% - Score 0 goal in Penalty Kill

Team Stat

Detroit Red Wings - Hits : 32 - Faceoff Wins : 30 - Blocked Shots : 15 - Penalty Minutes : 6
Winnipeg Jets - Hits : 23 - Faceoff Wins : 30 - Blocked Shots : 10 - Penalty Minutes : 2

Official

Referees : Dan O'Rourke and Brad Meier
Linesman : Ryan Gibbons and Steve Miller

Game Notes

No Game Note

Finance

Level 1 -- Attendance: 10000 (100.00%) -- Ticket Income fr. 800'000
Level 2 -- Attendance: 1827 (91.35%) -- Ticket Income fr. 118'755
Level 3 -- Attendance: 2922 (83.49%) -- Ticket Income fr. 102'270
Level 4 -- Attendance: 1348 (92.97%) -- Ticket Income fr. 26'960
Luxury Box -- Attendance: 50 (100.00%) -- Ticket Income fr. 10'000
Game was played at the Bell MTS Place.
Total Attendance: 16147 (94.98%)
Total Ticket Income: fr. 1'057'985
Total Income: fr. 1'057'985

Detroit Red Wings

5 vs 5 Forward 
   Center                   Left Wing                Right Wing               Time % Phy DF OF 
 1 Henrik Zetterberg        Teuvo Teravainen         Justin Abdelkader        31     0   1  4  
 2 Derek Stepan             Andreas Athanasiou       Ryan Kesler              28     0   2  3  
 3 Frans Nielsen            Darren Helm              Mattias Janmark          26     0   2  3  
 4 Luke Glendening          Tyler Bertuzzi           Thomas Vanek             15     0   4  1  

5 vs 5 Defense 
   Defense                  Defense                                           Time % Phy DF OF 
 1 Travis Hamonic           Mike Green                                        38     0   2  3  
 2 Niklas Kronwall          Danny DeKeyser                                    33     0   2  3  
 3 Jonathan Ericsson        Nick Jensen                                       29     0   4  1  
 4 Danny DeKeyser           Niklas Kronwall                                   0      1   2  2  

PowerPlay Forward 
   Center                   Left Wing                Right Wing               Time % Phy DF OF 
 1 Henrik Zetterberg        Teuvo Teravainen         Thomas Vanek             60     1   1  3  
 2 Derek Stepan             Darren Helm              Ryan Kesler              40     1   1  3  

PowerPlay Defense
   Defense                  Defense                                           Time % Phy DF OF 
 1 Niklas Kronwall          Nick Jensen                                       60     1   2  2  
 2 Travis Hamonic           Danny DeKeyser                                    40     1   2  2  

Penalty Kill 4 Players Forward 
   Center                   Wing                     Time % Phy DF OF 
 1 Frans Nielsen            Justin Abdelkader        50     1   4  0  
 2 Luke Glendening          Ryan Kesler              50     1   4  0  

Penalty Kill 4 Players Defense
   Defense                  Defense                  Time % Phy DF OF 
 1 Danny DeKeyser           Niklas Kronwall          50     0   5  0  
 2 Travis Hamonic           Jonathan Ericsson        50     0   5  0  

Penalty Kill - 3 Players Forward 
   Forward                                           Time % Phy DF OF 
 1 Luke Glendening                                   50     0   5  0  
 2 Derek Stepan                                      50     0   5  0  

Penalty Kill - 3 Players Defense
   Defense                  Defense                  Time % Phy DF OF 
 1 Danny DeKeyser           Mike Green               50     1   4  0  
 2 Travis Hamonic           Jonathan Ericsson        50     1   4  0  

4 vs 4 Forward 
   Center                   Wing                     Time % Phy DF OF 
 1 Henrik Zetterberg        Teuvo Teravainen         50     0   2  3  
 2 Derek Stepan             Andreas Athanasiou       50     0   2  3  

4 vs 4 Defense
   Defense                  Defense                  Time % Phy DF OF 
 1 Danny DeKeyser           Nick Jensen              50     1   2  2  
 2 Mike Green               Jonathan Ericsson        50     1   2  2  

Last Minutes Offensive
   Center                   Left Wing                Right Wing               Defense                  Defense                  
   Henrik Zetterberg        Teuvo Teravainen         Thomas Vanek             Niklas Kronwall          Danny DeKeyser           

Last Minutes Defensive
   Center                   Left Wing                Right Wing               Defense                  Defense                  
   Luke Glendening          Frans Nielsen            Ryan Kesler              Travis Hamonic           Mike Green               

Goaltenders
Starting : Jimmy Howard             
Backup : Petr Mrazek              

Extra Forwards
Normal : Darren Helm, Derek Stepan, Tyler Bertuzzi - PP : Mattias Janmark, Tyler Bertuzzi - PK : Luke Glendening
Extra Defensemen
Normal : Niklas Kronwall, Nick Jensen, Travis Hamonic - PP : Mike Green - PK : Nick Jensen, Travis Hamonic
Penalty Shots
Justin Abdelkader, Teuvo Teravainen, Thomas Vanek, Andreas Athanasiou, Henrik Zetterberg
Custom OT Lines Forwards
Henrik Zetterberg, Teuvo Teravainen, Thomas Vanek, Frans Nielsen, Derek Stepan, Darren Helm, Luke Glendening, Tyler Bertuzzi, Ryan Kesler, Justin Abdelkader
Custom OT Lines Defensemen
Danny DeKeyser, Niklas Kronwall, Mike Green, Travis Hamonic, Jonathan Ericsson

Scratches
Alan Quine (Healthy), Xavier Ouellet (Healthy)

Winnipeg Jets

5 vs 5 Forward 
   Center                   Left Wing                Right Wing               Time % Phy DF OF 
 1 Jack Eichel              Patrik Laine             Blake Wheeler            30     1   2  2  
 2 Kyle Turris              Evander Kane             Nikolaj Ehlers           28     1   2  2  
 3 Jack Eichel              Mathieu Perreault        Martin Frk               25     1   2  2  
 4 Adam Lowry               Andrew Copp              Jack Roslovic            17     1   2  2  

5 vs 5 Defense 
   Defense                  Defense                                           Time % Phy DF OF 
 1 Dustin Byfuglien         Jacob Trouba                                      33     1   2  2  
 2 Josh Morrissey           Shayne Gostisbehere                               31     1   2  2  
 3 Marc Methot              Dennis Seidenberg                                 26     1   2  2  
 4 Dennis Seidenberg        Ben Chiarot                                       10     1   2  2  

PowerPlay Forward 
   Center                   Left Wing                Right Wing               Time % Phy DF OF 
 1 Blake Wheeler            Mathieu Perreault        Patrik Laine             52     1   2  2  
 2 Kyle Turris              Evander Kane             Nikolaj Ehlers           48     1   2  2  

PowerPlay Defense
   Defense                  Defense                                           Time % Phy DF OF 
 1 Dustin Byfuglien         Shayne Gostisbehere                               50     1   2  2  
 2 Josh Morrissey           Jacob Trouba                                      50     1   2  2  

Penalty Kill 4 Players Forward 
   Center                   Wing                     Time % Phy DF OF 
 1 Adam Lowry               Andrew Copp              55     1   2  2  
 2 Jack Eichel              Blake Wheeler            45     1   2  2  

Penalty Kill 4 Players Defense
   Defense                  Defense                  Time % Phy DF OF 
 1 Jacob Trouba             Marc Methot              50     1   2  2  
 2 Josh Morrissey           Dennis Seidenberg        50     1   2  2  

Penalty Kill - 3 Players Forward 
   Forward                                           Time % Phy DF OF 
 1 Andrew Copp                                       50     1   2  2  
 2 Adam Lowry                                        50     1   2  2  

Penalty Kill - 3 Players Defense
   Defense                  Defense                  Time % Phy DF OF 
 1 Jacob Trouba             Josh Morrissey           50     1   2  2  
 2 Dennis Seidenberg        Marc Methot              50     1   2  2  

4 vs 4 Forward 
   Center                   Wing                     Time % Phy DF OF 
 1 Blake Wheeler            Andrew Copp              50     1   2  2  
 2 Kyle Turris              Mathieu Perreault        50     1   2  2  

4 vs 4 Defense
   Defense                  Defense                  Time % Phy DF OF 
 1 Dennis Seidenberg        Marc Methot              55     1   2  2  
 2 Josh Morrissey           Shayne Gostisbehere      45     1   2  2  

Last Minutes Offensive
   Center                   Left Wing                Right Wing               Defense                  Defense                  
   Jack Eichel              Kyle Turris              Blake Wheeler            Dustin Byfuglien         Jacob Trouba             

Last Minutes Defensive
   Center                   Left Wing                Right Wing               Defense                  Defense                  
   Adam Lowry               Andrew Copp              Blake Wheeler            Dustin Byfuglien         Jacob Trouba             

Goaltenders
Starting : Connor Hellebuyck        
Backup : Michael Hutchinson       

Extra Forwards
Normal : Jack Roslovic, Blake Wheeler, Jack Eichel - PP : Andrew Copp, Martin Frk - PK : Blake Wheeler
Extra Defensemen
Normal : Marc Methot, Josh Morrissey, Jacob Trouba - PP : Ben Chiarot - PK : Shayne Gostisbehere, Ben Chiarot
Penalty Shots
Nikolaj Ehlers, Blake Wheeler, Jack Eichel, Patrik Laine, Evander Kane
Custom OT Lines Forwards
Blake Wheeler, Jack Eichel, Nikolaj Ehlers, Patrik Laine, Evander Kane, Kyle Turris, Mathieu Perreault, Martin Frk, Adam Lowry, 
Custom OT Lines Defensemen
Dustin Byfuglien, Jacob Trouba, Shayne Gostisbehere, Josh Morrissey, Dennis Seidenberg

Scratches
Phillip Danault (Back Injury)

% Time on Ice - Detroit Red Wings

Lines # - Real PCT - Wanted PCT - Time Play
Normal Forward
1 - 29% - 31% - 15:39
2 - 31% - 28% - 16:56
3 - 23% - 26% - 12:23
4 - 17% - 15% - 8:55
Normal Defense
1 - 38% - 38% - 20:13
2 - 35% - 33% - 18:50
3 - 27% - 29% - 14:35
4 - 0% - 0% - 0:15
PP Forward
1 - 47% - 60% - 0:56
2 - 53% - 40% - 1:03
PP Defense
1 - 61% - 60% - 1:12
2 - 39% - 40% - 0:47
PK Forward
1 - 49% - 50% - 2:01
2 - 51% - 50% - 2:07
PK Defense
1 - 53% - 50% - 2:11
2 - 47% - 50% - 1:57
PK3 Forward
1 - 0% - 50%
2 - 0% - 50%
PK3 Defense
1 - 0% - 50%
2 - 0% - 50%
44 Forward
1 - 0% - 50%
2 - 0% - 50%
44 Defense
1 - 0% - 50%
2 - 0% - 50%
Last Minute Offensive  - 0:00
Last Minute Defensive  - 0:00
Total
Forward - 60:00
Defense - 60:00

% Time on Ice - Winnipeg Jets

Lines # - Real PCT - Wanted PCT - Time Play
Normal Forward
1 - 28% - 30% - 15:03
2 - 30% - 28% - 16:08
3 - 20% - 25% - 10:40
4 - 22% - 17% - 12:02
Normal Defense
1 - 33% - 33% - 18:01
2 - 33% - 31% - 17:33
3 - 23% - 26% - 12:18
4 - 11% - 10% - 6:01
PP Forward
1 - 54% - 52% - 2:13
2 - 46% - 48% - 1:55
PP Defense
1 - 53% - 50% - 2:11
2 - 47% - 50% - 1:57
PK Forward
1 - 76% - 55% - 1:30
2 - 24% - 45% - 0:29
PK Defense
1 - 49% - 50% - 0:58
2 - 51% - 50% - 1:01
PK3 Forward
1 - 0% - 50%
2 - 0% - 50%
PK3 Defense
1 - 0% - 50%
2 - 0% - 50%
44 Forward
1 - 0% - 50%
2 - 0% - 50%
44 Defense
1 - 0% - 55%
2 - 0% - 45%
Last Minute Offensive  - 0:00
Last Minute Defensive  - 0:00
Total
Forward - 60:00
Defense - 60:00

Play-by-Play

1st period


0:01 of 1st period - Jack Eichel wins face-off versus Henrik Zetterberg in neutral zone.
0:04 of 1st period - Wrist shot by Patrik Laine.
0:04 of 1st period - Stopped by Jimmy Howard without a rebound.
0:05 of 1st period - Jack Eichel wins face-off versus Henrik Zetterberg in Detroit Red Wings zone.
0:34 of 1st period - Slapshot by Derek Stepan.
0:34 of 1st period - Shot Misses the Net.
0:36 of 1st period - Wrist shot by Ryan Kesler.
0:36 of 1st period - Shot Blocked by Jacob Trouba.
0:54 of 1st period - Snap shot by Mattias Janmark.
0:54 of 1st period - Stopped by Connor Hellebuyck with a rebound.
1:08 of 1st period - Tyler Bertuzzi is hit by Mathieu Perreault and loses puck.
1:52 of 1st period - Snap shot by Andreas Athanasiou.
1:52 of 1st period - Stopped by Connor Hellebuyck with a rebound.
1:54 of 1st period - Wrist shot by Derek Stepan.
1:54 of 1st period - Shot Misses the Net.
1:56 of 1st period - Wrist shot by Andreas Athanasiou.
1:56 of 1st period - Shot Hit the Post.
1:58 of 1st period - Snap shot by Derek Stepan.
1:58 of 1st period - Shot Misses the Net.
2:00 of 1st period - Slapshot by Nick Jensen.
2:00 of 1st period - Stopped by Connor Hellebuyck without a rebound.
2:01 of 1st period - Adam Lowry wins face-off versus Darren Helm in Winnipeg Jets zone.
2:01 of 1st period - Adam Lowry is hit by Nick Jensen.
2:08 of 1st period - Off-side.
2:09 of 1st period - Adam Lowry wins face-off versus Frans Nielsen in neutral zone.
2:58 of 1st period - Teuvo Teravainen is hit by Nikolaj Ehlers and loses puck.
4:48 of 1st period - Wrist shot by Mattias Janmark.
4:48 of 1st period - Deflect By Dustin Byfuglien.
4:48 of 1st period - Stopped by Connor Hellebuyck with a rebound.
4:50 of 1st period - Snap shot by Darren Helm.
4:50 of 1st period - Shot Misses the Net.
5:08 of 1st period - Snap shot by Jack Roslovic.
5:08 of 1st period - Shot Misses the Net.
5:18 of 1st period - Snap shot by Blake Wheeler.
5:18 of 1st period - Stopped by Jimmy Howard with a rebound.
5:28 of 1st period - Ryan Kesler is hit by Mathieu Perreault and loses puck.
6:01 of 1st period - Kyle Turris is hit by Luke Glendening.
6:05 of 1st period - Shayne Gostisbehere is hit by Thomas Vanek and loses puck.
6:25 of 1st period - Mike Green is hit by Jack Roslovic and loses puck.
6:44 of 1st period - Snap shot by Mattias Janmark.
6:44 of 1st period - Stopped by Connor Hellebuyck with a rebound.
7:33 of 1st period - Jack Eichel is hit by Darren Helm.
8:02 of 1st period - Wrist shot by Blake Wheeler.
8:02 of 1st period - Shot Misses the Net.
8:04 of 1st period - Snap shot by Blake Wheeler.
8:04 of 1st period - Stopped by Jimmy Howard without a rebound.
8:05 of 1st period - Derek Stepan wins face-off versus Patrik Laine in Detroit Red Wings zone.
8:33 of 1st period - Snap shot by Darren Helm.
8:33 of 1st period - Stopped by Connor Hellebuyck with a rebound.
8:47 of 1st period - Josh Morrissey is hit by Teuvo Teravainen and loses puck.
9:08 of 1st period - Wrist shot by Adam Lowry.
9:08 of 1st period - Stopped by Jimmy Howard without a rebound.
9:09 of 1st period - Adam Lowry wins face-off versus Henrik Zetterberg in Detroit Red Wings zone.
9:12 of 1st period - Snap shot by Jack Roslovic.
9:12 of 1st period - Shot Blocked by Justin Abdelkader.
9:59 of 1st period - Frans Nielsen is hit by Patrik Laine and loses puck.
10:12 of 1st period - Wrist shot by Thomas Vanek.
10:12 of 1st period - Shot Misses the Net.
11:30 of 1st period - Teuvo Teravainen is hit by Evander Kane and loses puck.
11:53 of 1st period - Blake Wheeler is hit by Ryan Kesler and loses puck.
12:14 of 1st period - Nikolaj Ehlers is hit by Danny DeKeyser and loses puck.
12:53 of 1st period - Mathieu Perreault is hit by Teuvo Teravainen and loses puck.
14:09 of 1st period - Wrist shot by Danny DeKeyser.
14:09 of 1st period - Shot Misses the Net.
14:23 of 1st period - Jack Eichel is hit by Henrik Zetterberg and loses puck.
14:40 of 1st period - Josh Morrissey is hit by Tyler Bertuzzi and loses puck.
14:47 of 1st period - Snap shot by Tyler Bertuzzi.
14:47 of 1st period - Shot Misses the Net.
14:57 of 1st period - Shayne Gostisbehere is hit by Nick Jensen and loses puck.
15:41 of 1st period - Evander Kane is hit by Luke Glendening and loses puck.
17:30 of 1st period - Slapshot by Thomas Vanek.
17:30 of 1st period - Shot Misses the Net.
17:32 of 1st period - Wrist shot by Thomas Vanek.
17:32 of 1st period - Deflect By Shayne Gostisbehere.
17:32 of 1st period - Shot Blocked by Jack Roslovic.
17:32 of 1st period - Puck is out of play.
17:33 of 1st period - Luke Glendening wins face-off versus Kyle Turris in Winnipeg Jets zone.
17:38 of 1st period - Slapshot by Tyler Bertuzzi.
17:38 of 1st period - Stopped by Connor Hellebuyck with a rebound.
17:40 of 1st period - Slapshot by Niklas Kronwall.
17:40 of 1st period - Stopped by Connor Hellebuyck without a rebound.
17:41 of 1st period - Jack Eichel wins face-off versus Henrik Zetterberg in Winnipeg Jets zone.
17:52 of 1st period - Backhand shot by Jack Eichel.
17:52 of 1st period - Shot Blocked by Teuvo Teravainen.
18:00 of 1st period - Minor Penalty to Justin Abdelkader for High sticking.
18:01 of 1st period - Blake Wheeler wins face-off versus Frans Nielsen in Detroit Red Wings zone.
18:06 of 1st period - Wrist shot by Patrik Laine.
18:06 of 1st period - Stopped by Jimmy Howard without a rebound.
18:07 of 1st period - Blake Wheeler wins face-off versus Frans Nielsen in Detroit Red Wings zone.
18:08 of 1st period - Snap shot by Patrik Laine.
18:08 of 1st period - Stopped by Jimmy Howard with a rebound.
18:10 of 1st period - Slapshot by Dustin Byfuglien.
18:10 of 1st period - Deflect By Mathieu Perreault.
18:10 of 1st period - Goal by Mathieu Perreault - Detroit Red Wings : 0 - Winnipeg Jets : 1.
18:11 of 1st period - Derek Stepan wins face-off versus Jack Eichel in neutral zone.
18:36 of 1st period - Teuvo Teravainen is hit by Josh Morrissey and loses puck.
18:43 of 1st period - Snap shot by Evander Kane.
18:43 of 1st period - Shot Blocked by Travis Hamonic.
18:45 of 1st period - Snap shot by Evander Kane.
18:45 of 1st period - Stopped by Jimmy Howard without a rebound.
18:46 of 1st period - Jack Eichel wins face-off versus Frans Nielsen in Detroit Red Wings zone.
18:53 of 1st period - Mathieu Perreault is hit by Danny DeKeyser.
18:57 of 1st period - Wrist shot by Frans Nielsen.
18:57 of 1st period - Shot Misses the Net.
18:59 of 1st period - Snap shot by Darren Helm.
18:59 of 1st period - Shot Misses the Net.
19:01 of 1st period - Snap shot by Frans Nielsen.
19:01 of 1st period - Stopped by Connor Hellebuyck without a rebound.
19:02 of 1st period - Derek Stepan wins face-off versus Kyle Turris in Winnipeg Jets zone.
19:28 of 1st period - Justin Abdelkader is hit by Blake Wheeler and loses puck.
Goals for this period are 0 for Detroit Red Wings vs 1 for Winnipeg Jets.
Shots for this period are 9 for Detroit Red Wings vs 8 for Winnipeg Jets.

2nd period


0:01 of 2nd period - Jack Eichel wins face-off versus Andreas Athanasiou in neutral zone.
0:32 of 2nd period - Slapshot by Darren Helm.
0:32 of 2nd period - Stopped by Connor Hellebuyck with a rebound.
0:36 of 2nd period - Backhand shot by Frans Nielsen.
0:36 of 2nd period - Goal by Frans Nielsen - Detroit Red Wings : 1 - Winnipeg Jets : 1.
0:37 of 2nd period - Henrik Zetterberg wins face-off versus Jack Eichel in neutral zone.
0:46 of 2nd period - Wrist shot by Henrik Zetterberg.
0:46 of 2nd period - Deflect By Teuvo Teravainen.
0:46 of 2nd period - Deflect By Martin Frk.
0:46 of 2nd period - Shot Misses the Net.
0:46 of 2nd period - Puck is out of play.
0:47 of 2nd period - Henrik Zetterberg wins face-off versus Jack Eichel in Winnipeg Jets zone.
0:48 of 2nd period - Slapshot by Teuvo Teravainen.
0:48 of 2nd period - Stopped by Connor Hellebuyck without a rebound.
0:49 of 2nd period - Jack Eichel wins face-off versus Henrik Zetterberg in Winnipeg Jets zone.
1:14 of 2nd period - Justin Abdelkader is hit by Dennis Seidenberg and loses puck.
1:21 of 2nd period - Marc Methot is hit by Justin Abdelkader and loses puck.
1:30 of 2nd period - Slapshot by Teuvo Teravainen.
1:30 of 2nd period - Shot Misses the Net.
1:32 of 2nd period - Wrist shot by Henrik Zetterberg.
1:32 of 2nd period - Shot Misses the Net.
1:34 of 2nd period - Slapshot by Mike Green.
1:34 of 2nd period - Shot Blocked by Adam Lowry.
1:36 of 2nd period - Slapshot by Travis Hamonic.
1:36 of 2nd period - Stopped by Connor Hellebuyck with a rebound.
1:38 of 2nd period - Slapshot by Teuvo Teravainen.
1:38 of 2nd period - Stopped by Connor Hellebuyck without a rebound.
1:39 of 2nd period - Mathieu Perreault wins face-off versus Derek Stepan in Winnipeg Jets zone.
1:48 of 2nd period - Snap shot by Martin Frk.
1:48 of 2nd period - Stopped by Jimmy Howard without a rebound.
1:49 of 2nd period - Derek Stepan wins face-off versus Jack Eichel in Detroit Red Wings zone.
2:11 of 2nd period - Mathieu Perreault is hit by Travis Hamonic and loses puck.
2:48 of 2nd period - Wrist shot by Ryan Kesler.
2:48 of 2nd period - Shot Misses the Net.
2:50 of 2nd period - Wrist shot by Andreas Athanasiou.
2:50 of 2nd period - Shot Misses the Net.
2:52 of 2nd period - Backhand shot by Niklas Kronwall.
2:52 of 2nd period - Shot Misses the Net.
2:54 of 2nd period - Slapshot by Danny DeKeyser.
2:54 of 2nd period - Deflect By Derek Stepan.
2:54 of 2nd period - Stopped by Connor Hellebuyck with a rebound.
2:56 of 2nd period - Snap shot by Ryan Kesler.
2:56 of 2nd period - Shot Blocked by Dustin Byfuglien.
2:58 of 2nd period - Wrist shot by Andreas Athanasiou.
2:58 of 2nd period - Deflect By Derek Stepan.
2:58 of 2nd period - Stopped by Connor Hellebuyck without a rebound.
2:59 of 2nd period - Frans Nielsen wins face-off versus Kyle Turris in Winnipeg Jets zone.
3:09 of 2nd period - Minor Penalty to Nick Jensen for Hooking.
3:10 of 2nd period - Frans Nielsen wins face-off versus Kyle Turris in Detroit Red Wings zone.
3:33 of 2nd period - Icing by Nikolaj Ehlers.
3:34 of 2nd period - Kyle Turris wins face-off versus Luke Glendening in Winnipeg Jets zone.
3:41 of 2nd period - Ryan Kesler is hit by Mathieu Perreault and loses puck.
3:46 of 2nd period - Wrist shot by Blake Wheeler.
3:46 of 2nd period - Deflect By Mathieu Perreault.
3:46 of 2nd period - Shot Blocked by Luke Glendening.
3:46 of 2nd period - Puck is out of play.
3:47 of 2nd period - Frans Nielsen wins face-off versus Kyle Turris in Detroit Red Wings zone.
3:56 of 2nd period - Snap shot by Justin Abdelkader.
3:56 of 2nd period - Stopped by Connor Hellebuyck without a rebound.
3:57 of 2nd period - Frans Nielsen wins face-off versus Kyle Turris in Winnipeg Jets zone.
3:58 of 2nd period - Slapshot by Justin Abdelkader.
3:58 of 2nd period - Stopped by Connor Hellebuyck without a rebound.
3:59 of 2nd period - Blake Wheeler wins face-off versus Luke Glendening in Winnipeg Jets zone.
4:24 of 2nd period - Kyle Turris is hit by Jonathan Ericsson and loses puck.
4:33 of 2nd period - Snap shot by Evander Kane.
4:33 of 2nd period - Stopped by Jimmy Howard without a rebound.
4:34 of 2nd period - Blake Wheeler wins face-off versus Frans Nielsen in Detroit Red Wings zone.
4:41 of 2nd period - Snap shot by Patrik Laine.
4:41 of 2nd period - Shot Blocked by Niklas Kronwall.
4:43 of 2nd period - Slapshot by Josh Morrissey.
4:43 of 2nd period - Stopped by Jimmy Howard without a rebound.
4:44 of 2nd period - Blake Wheeler wins face-off versus Frans Nielsen in Detroit Red Wings zone.
4:51 of 2nd period - Snap shot by Patrik Laine.
4:51 of 2nd period - Stopped by Jimmy Howard without a rebound.
4:52 of 2nd period - Blake Wheeler wins face-off versus Luke Glendening in Detroit Red Wings zone.
4:57 of 2nd period - Slapshot by Mathieu Perreault.
4:57 of 2nd period - Shot Misses the Net.
4:59 of 2nd period - Snap shot by Patrik Laine.
4:59 of 2nd period - Stopped by Jimmy Howard with a rebound.
5:01 of 2nd period - Slapshot by Josh Morrissey.
5:01 of 2nd period - Shot Blocked by Travis Hamonic.
5:03 of 2nd period - Slapshot by Jacob Trouba.
5:03 of 2nd period - Shot Blocked by Luke Glendening.
5:05 of 2nd period - Slapshot by Jacob Trouba.
5:05 of 2nd period - Deflect By Mathieu Perreault.
5:05 of 2nd period - Shot Misses the Net.
5:05 of 2nd period - Puck is out of play.
5:06 of 2nd period - Kyle Turris wins face-off versus Luke Glendening in Detroit Red Wings zone.
5:07 of 2nd period - Slapshot by Evander Kane.
5:07 of 2nd period - Shot Misses the Net.
5:09 of 2nd period - Penalty to Nick Jensen is over, Nick Jensen is back on ice.
5:09 of 2nd period - Snap shot by Nikolaj Ehlers.
5:09 of 2nd period - Stopped by Jimmy Howard without a rebound.
5:10 of 2nd period - Kyle Turris wins face-off versus Frans Nielsen in Detroit Red Wings zone.
5:15 of 2nd period - Snap shot by Nikolaj Ehlers.
5:15 of 2nd period - Deflect By Evander Kane.
5:15 of 2nd period - Stopped by Jimmy Howard with a rebound.
5:35 of 2nd period - Jack Eichel is hit by Henrik Zetterberg and loses puck.
5:54 of 2nd period - Wrist shot by Teuvo Teravainen.
5:54 of 2nd period - Stopped by Connor Hellebuyck with a rebound.
6:12 of 2nd period - Slapshot by Niklas Kronwall.
6:12 of 2nd period - Shot Misses the Net.
6:14 of 2nd period - Wrist shot by Luke Glendening.
6:14 of 2nd period - Deflect By Thomas Vanek.
6:14 of 2nd period - Stopped by Connor Hellebuyck without a rebound.
6:15 of 2nd period - Jack Eichel wins face-off versus Luke Glendening in Winnipeg Jets zone.
6:38 of 2nd period - Evander Kane is hit by Frans Nielsen and loses puck.
6:45 of 2nd period - Snap shot by Mattias Janmark.
6:45 of 2nd period - Stopped by Connor Hellebuyck without a rebound.
6:46 of 2nd period - Frans Nielsen wins face-off versus Jack Eichel in Winnipeg Jets zone.
6:59 of 2nd period - Snap shot by Mattias Janmark.
6:59 of 2nd period - Deflect By Frans Nielsen.
6:59 of 2nd period - Stopped by Connor Hellebuyck with a rebound.
7:07 of 2nd period - Dennis Seidenberg is hit by Darren Helm and loses puck.
7:24 of 2nd period - Snap shot by Jack Eichel.
7:24 of 2nd period - Stopped by Jimmy Howard with a rebound.
7:26 of 2nd period - Slapshot by Jack Eichel.
7:26 of 2nd period - Deflect By Blake Wheeler.
7:26 of 2nd period - Shot Misses the Net.
7:26 of 2nd period - Puck is out of play.
7:27 of 2nd period - Henrik Zetterberg wins face-off versus Evander Kane in Detroit Red Wings zone.
8:01 of 2nd period - Snap shot by Jack Roslovic.
8:01 of 2nd period - Stopped by Jimmy Howard without a rebound.
8:02 of 2nd period - Jack Eichel wins face-off versus Henrik Zetterberg in Detroit Red Wings zone.
8:05 of 2nd period - Backhand shot by Martin Frk.
8:05 of 2nd period - Stopped by Jimmy Howard with a rebound.
8:07 of 2nd period - Slapshot by Jacob Trouba.
8:07 of 2nd period - Shot Misses the Net.
8:09 of 2nd period - Slapshot by Jack Eichel.
8:09 of 2nd period - Deflect By Mathieu Perreault.
8:09 of 2nd period - Shot Misses the Net.
8:09 of 2nd period - Puck is out of play.
8:10 of 2nd period - Henrik Zetterberg wins face-off versus Jack Eichel in Detroit Red Wings zone.
8:43 of 2nd period - Slapshot by Frans Nielsen.
8:43 of 2nd period - Stopped by Connor Hellebuyck with a rebound.
8:45 of 2nd period - Slapshot by Mike Green.
8:45 of 2nd period - Stopped by Connor Hellebuyck without a rebound.
8:46 of 2nd period - Derek Stepan wins face-off versus Jack Eichel in Winnipeg Jets zone.
8:51 of 2nd period - Wrist shot by Andreas Athanasiou.
8:51 of 2nd period - Stopped by Connor Hellebuyck with a rebound.
9:13 of 2nd period - Danny DeKeyser is hit by Marc Methot and loses puck.
9:54 of 2nd period - Wrist shot by Jack Eichel.
9:54 of 2nd period - Shot Misses the Net.
10:56 of 2nd period - Wrist shot by Martin Frk.
10:56 of 2nd period - Stopped by Jimmy Howard without a rebound.
10:57 of 2nd period - Derek Stepan wins face-off versus Jack Eichel in Detroit Red Wings zone.
10:57 of 2nd period - Derek Stepan is hit by Shayne Gostisbehere.
11:00 of 2nd period - Minor Penalty to Ryan Kesler for Interference.
11:01 of 2nd period - Blake Wheeler wins face-off versus Luke Glendening in Detroit Red Wings zone.
11:01 of 2nd period - Snap shot by Patrik Laine.
11:01 of 2nd period - Shot Blocked by Danny DeKeyser.
12:14 of 2nd period - Travis Hamonic is hit by Nikolaj Ehlers and loses puck.
13:00 of 2nd period - Penalty to Ryan Kesler is over, Ryan Kesler is back on ice.
13:10 of 2nd period - Travis Hamonic is hit by Josh Morrissey and loses puck.
14:08 of 2nd period - Nikolaj Ehlers is hit by Jonathan Ericsson and loses puck.
14:25 of 2nd period - Luke Glendening is hit by Mathieu Perreault and loses puck.
14:41 of 2nd period - Off-side.
14:42 of 2nd period - Jack Eichel wins face-off versus Frans Nielsen in neutral zone.
14:47 of 2nd period - Slapshot by Blake Wheeler.
14:47 of 2nd period - Shot Misses the Net.
14:59 of 2nd period - Off-side.
15:00 of 2nd period - Henrik Zetterberg wins face-off versus Adam Lowry in neutral zone.
15:00 of 2nd period - Teuvo Teravainen is hit by Andrew Copp and loses puck.
15:12 of 2nd period - Andrew Copp is hit by Danny DeKeyser and loses puck.
15:32 of 2nd period - Backhand shot by Jack Roslovic.
15:32 of 2nd period - Shot Misses the Net.
15:34 of 2nd period - Snap shot by Jack Roslovic.
15:34 of 2nd period - Stopped by Jimmy Howard with a rebound.
15:38 of 2nd period - Slapshot by Jack Roslovic.
15:38 of 2nd period - Stopped by Jimmy Howard without a rebound.
15:39 of 2nd period - Jack Eichel wins face-off versus Henrik Zetterberg in Detroit Red Wings zone.
15:42 of 2nd period - Wrist shot by Jack Eichel.
15:42 of 2nd period - Stopped by Jimmy Howard with a rebound.
15:44 of 2nd period - Slapshot by Patrik Laine.
15:44 of 2nd period - Stopped by Jimmy Howard without a rebound.
15:45 of 2nd period - Jack Eichel wins face-off versus Henrik Zetterberg in Detroit Red Wings zone.
15:58 of 2nd period - Wrist shot by Blake Wheeler.
15:58 of 2nd period - Stopped by Jimmy Howard with a rebound.
16:16 of 2nd period - Wrist shot by Derek Stepan.
16:16 of 2nd period - Shot Misses the Net.
16:18 of 2nd period - Slapshot by Travis Hamonic.
16:18 of 2nd period - Stopped by Connor Hellebuyck without a rebound.
16:19 of 2nd period - Derek Stepan wins face-off versus Kyle Turris in Winnipeg Jets zone.
16:23 of 2nd period - Snap shot by Andreas Athanasiou.
16:23 of 2nd period - Stopped by Connor Hellebuyck without a rebound.
16:24 of 2nd period - Kyle Turris wins face-off versus Derek Stepan in Winnipeg Jets zone.
16:24 of 2nd period - Kyle Turris is hit by Danny DeKeyser.
16:40 of 2nd period - Snap shot by Kyle Turris.
16:40 of 2nd period - Shot Misses the Net.
17:00 of 2nd period - Snap shot by Jack Eichel.
17:00 of 2nd period - Shot Blocked by Danny DeKeyser.
17:02 of 2nd period - Snap shot by Martin Frk.
17:02 of 2nd period - Shot Misses the Net.
18:38 of 2nd period - Wrist shot by Adam Lowry.
18:38 of 2nd period - Stopped by Jimmy Howard without a rebound.
18:39 of 2nd period - Frans Nielsen wins face-off versus Kyle Turris in Detroit Red Wings zone.
19:34 of 2nd period - Snap shot by Henrik Zetterberg.
19:34 of 2nd period - Shot Blocked by Patrik Laine.
19:50 of 2nd period - Snap shot by Evander Kane.
19:50 of 2nd period - Stopped by Jimmy Howard with a rebound.
19:52 of 2nd period - Backhand shot by Josh Morrissey.
19:52 of 2nd period - Shot Blocked by Thomas Vanek.
Goals for this period are 1 for Detroit Red Wings vs 0 for Winnipeg Jets.
Shots for this period are 18 for Detroit Red Wings vs 18 for Winnipeg Jets.

3rd period


0:01 of 3rd period - Frans Nielsen wins face-off versus Jack Eichel in neutral zone.
0:05 of 3rd period - Danny DeKeyser is hit by Patrik Laine and loses puck.
0:49 of 3rd period - Jack Roslovic is hit by Nick Jensen and loses puck.
1:10 of 3rd period - Snap shot by Jack Roslovic.
1:10 of 3rd period - Shot Blocked by Thomas Vanek.
1:12 of 3rd period - Slapshot by Jack Roslovic.
1:12 of 3rd period - Shot Blocked by Nick Jensen.
1:17 of 3rd period - Off-side.
1:18 of 3rd period - Henrik Zetterberg wins face-off versus Jack Eichel in neutral zone.
1:31 of 3rd period - Wrist shot by Jack Eichel.
1:31 of 3rd period - Shot Blocked by Henrik Zetterberg.
1:33 of 3rd period - Wrist shot by Patrik Laine.
1:33 of 3rd period - Stopped by Jimmy Howard without a rebound.
1:34 of 3rd period - Kyle Turris wins face-off versus Derek Stepan in Detroit Red Wings zone.
1:45 of 3rd period - Wrist shot by Ryan Kesler.
1:45 of 3rd period - Stopped by Connor Hellebuyck without a rebound.
1:46 of 3rd period - Henrik Zetterberg wins face-off versus Jack Eichel in Winnipeg Jets zone.
1:47 of 3rd period - Snap shot by Teuvo Teravainen.
1:47 of 3rd period - Stopped by Connor Hellebuyck with a rebound.
1:49 of 3rd period - Slapshot by Mike Green.
1:49 of 3rd period - Deflect By Justin Abdelkader.
1:49 of 3rd period - Shot Misses the Net.
1:49 of 3rd period - Puck is out of play.
1:50 of 3rd period - Jack Eichel wins face-off versus Henrik Zetterberg in Winnipeg Jets zone.
2:01 of 3rd period - Justin Abdelkader is hit by Blake Wheeler and loses puck.
2:18 of 3rd period - Snap shot by Jack Eichel.
2:18 of 3rd period - Shot Misses the Net.
2:20 of 3rd period - Snap shot by Evander Kane.
2:20 of 3rd period - Shot Misses the Net.
2:22 of 3rd period - Slapshot by Dustin Byfuglien.
2:22 of 3rd period - Deflect By Frans Nielsen.
2:22 of 3rd period - Stopped by Jimmy Howard with a rebound.
2:24 of 3rd period - Snap shot by Kyle Turris.
2:24 of 3rd period - Stopped by Jimmy Howard without a rebound.
2:25 of 3rd period - Derek Stepan wins face-off versus Kyle Turris in Detroit Red Wings zone.
2:50 of 3rd period - Danny DeKeyser is hit by Shayne Gostisbehere and loses puck.
3:17 of 3rd period - Wrist shot by Teuvo Teravainen.
3:17 of 3rd period - Shot Blocked by Marc Methot.
3:19 of 3rd period - Slapshot by Niklas Kronwall.
3:19 of 3rd period - Shot Misses the Net.
3:21 of 3rd period - Slapshot by Niklas Kronwall.
3:21 of 3rd period - Stopped by Connor Hellebuyck with a rebound.
3:23 of 3rd period - Snap shot by Justin Abdelkader.
3:23 of 3rd period - Shot Misses the Net.
3:41 of 3rd period - Wrist shot by Tyler Bertuzzi.
3:41 of 3rd period - Shot Blocked by Martin Frk.
3:55 of 3rd period - Snap shot by Kyle Turris.
3:55 of 3rd period - Stopped by Jimmy Howard with a rebound.
3:57 of 3rd period - Slapshot by Marc Methot.
3:57 of 3rd period - Shot Blocked by Mike Green.
3:59 of 3rd period - Slapshot by Marc Methot.
3:59 of 3rd period - Shot Blocked by Derek Stepan.
4:01 of 3rd period - Snap shot by Nikolaj Ehlers.
4:01 of 3rd period - Deflect By Kyle Turris.
4:01 of 3rd period - Shot Misses the Net.
4:01 of 3rd period - Puck is out of play.
4:02 of 3rd period - Henrik Zetterberg wins face-off versus Jack Roslovic in Detroit Red Wings zone.
4:40 of 3rd period - Slapshot by Jack Roslovic.
4:40 of 3rd period - Shot Misses the Net.
4:42 of 3rd period - Slapshot by Josh Morrissey.
4:42 of 3rd period - Stopped by Jimmy Howard with a rebound.
4:44 of 3rd period - Snap shot by Shayne Gostisbehere.
4:44 of 3rd period - Shot Misses the Net.
5:19 of 3rd period - Slapshot by Andreas Athanasiou.
5:19 of 3rd period - Stopped by Connor Hellebuyck without a rebound.
5:20 of 3rd period - Frans Nielsen wins face-off versus Jack Eichel in Winnipeg Jets zone.
5:41 of 3rd period - Minor Penalty to Dustin Byfuglien for Holding.
5:42 of 3rd period - Henrik Zetterberg wins face-off versus Jack Eichel in Winnipeg Jets zone.
7:19 of 3rd period - Niklas Kronwall is hit by Josh Morrissey and loses puck.
7:26 of 3rd period - Ryan Kesler is hit by Blake Wheeler and loses puck.
7:41 of 3rd period - Penalty to Dustin Byfuglien is over, Dustin Byfuglien is back on ice.
7:49 of 3rd period - Wrist shot by Andreas Athanasiou.
7:49 of 3rd period - Shot Blocked by Dennis Seidenberg.
7:51 of 3rd period - Slapshot by Travis Hamonic.
7:51 of 3rd period - Shot Blocked by Andrew Copp.
9:55 of 3rd period - Darren Helm is hit by Ben Chiarot and loses puck.
10:46 of 3rd period - Jacob Trouba is hit by Henrik Zetterberg and loses puck.
10:59 of 3rd period - Tyler Bertuzzi is hit by Blake Wheeler and loses puck.
12:25 of 3rd period - Evander Kane is hit by Justin Abdelkader.
12:37 of 3rd period - Ben Chiarot is hit by Ryan Kesler and loses puck.
13:03 of 3rd period - Jack Eichel is hit by Justin Abdelkader and loses puck.
14:05 of 3rd period - Ben Chiarot is hit by Frans Nielsen.
15:17 of 3rd period - Evander Kane is hit by Justin Abdelkader and loses puck.
15:34 of 3rd period - Andrew Copp is hit by Teuvo Teravainen and loses puck.
15:47 of 3rd period - Jacob Trouba is hit by Tyler Bertuzzi and loses puck.
16:24 of 3rd period - Jack Roslovic is hit by Tyler Bertuzzi and loses puck.
17:31 of 3rd period - Slapshot by Niklas Kronwall.
17:31 of 3rd period - Shot Misses the Net.
Goals for this period are 0 for Detroit Red Wings vs 0 for Winnipeg Jets.
Shots for this period are 4 for Detroit Red Wings vs 5 for Winnipeg Jets.

Overtime #1


0:01 of 1st overtime period - Henrik Zetterberg wins face-off versus Jack Eichel in neutral zone.
0:06 of 1st overtime period - Wrist shot by Teuvo Teravainen.
0:06 of 1st overtime period - Stopped by Connor Hellebuyck without a rebound.
0:07 of 1st overtime period - Henrik Zetterberg wins face-off versus Jack Eichel in Winnipeg Jets zone.
0:10 of 1st overtime period - Wrist shot by Henrik Zetterberg.
0:10 of 1st overtime period - Shot Blocked by Jack Eichel.
0:35 of 1st overtime period - Off-side.
0:36 of 1st overtime period - Frans Nielsen wins face-off versus Blake Wheeler in neutral zone.
0:38 of 1st overtime period - Off-side.
0:39 of 1st overtime period - Blake Wheeler wins face-off versus Henrik Zetterberg in neutral zone.
1:05 of 1st overtime period - Off-side.
1:06 of 1st overtime period - Henrik Zetterberg wins face-off versus Patrik Laine in neutral zone.
1:11 of 1st overtime period - Wrist shot by Henrik Zetterberg.
1:11 of 1st overtime period - Deflect By Teuvo Teravainen.
1:11 of 1st overtime period - Shot Misses the Net.
1:11 of 1st overtime period - Puck is out of play.
1:12 of 1st overtime period - Blake Wheeler wins face-off versus Henrik Zetterberg in Winnipeg Jets zone.
1:25 of 1st overtime period - Snap shot by Blake Wheeler.
1:25 of 1st overtime period - Stopped by Jimmy Howard with a rebound.
1:27 of 1st overtime period - Snap shot by Jack Eichel.
1:27 of 1st overtime period - Goal by Jack Eichel - Detroit Red Wings : 1 - Winnipeg Jets : 2.
Goals for this period are 0 for Detroit Red Wings vs 1 for Winnipeg Jets.
Shots for this period are 1 for Detroit Red Wings vs 2 for Winnipeg Jets.